 Seeded DCSS version 0.30.1-3-gfc49f6343a (webtiles) character file.

Game seed: 920673320228942481 (custom seed)

3 McKennaii the Conjurer (level 1, 14/14 HPs)
             Began as a Demigod Conjurer on July 23, 2023.
             Quit the game on level 1 of the Dungeon.
             The game lasted 00:00:48 (376 turns).

McKennaii the Conjurer (Demigod Conjurer)            Turns: 376, Time: 00:00:49

Health: 14/14      AC:  7    Str: 11    XL:     1   Next: 33%
Magic:  5/5        EV: 12    Int: 26    God:
Gold:   25         SH:  0    Dex: 12    Spells: 2/3 levels left

rFire   + . .        (no weapon)
rCold   + . .        (no shield)
rNeg    . . .        a - +0 robe
rPois   +            (no helmet)
rElec   +            (no cloak)
rCorr   +            h - +4 pair of gloves of the Good {Contam +Blink Str+3 Int+6}
SInv    .            (no boots)
Will    .....        (no amulet)
Stlth   ++           (no ring)
HPRegen 0.22/turn    (no ring)
MPRegen 0.09/turn

%: no passive effects
@: resistant
A: high MP 1, forlorn, divine attributes
a: Evoke Blink


You were on level 1 of the Dungeon.
You visited 1 branch of the dungeon, and saw 1 of its levels.

You collected 25 gold pieces.

Inventory:

Armour
 a - a +0 robe (worn)
 h - the +4 pair of gloves of the Good (worn) {Contam +Blink Str+3 Int+6}
   (You acquired it on level 1 of the Dungeon)

   Str:       It affects your strength (+3).
   Int:       It affects your intelligence (+6).
   +Blink:    It lets you blink.
   Contam:    It causes magical contamination when unequipped.
Magical Staves
 g - a staff of conjuration
Jewellery
 f - a ring of wizardry
Potions
 b - a potion of magic
 c - a potion of cancellation {unknown}
 d - a potion of mutation {unknown}


   Skills:
 - Level 1.7 Dodging
 - Level 1.7 Stealth
 + Level 1.9 Spellcasting
 + Level 3.7 Conjurations


You had 2 spell levels left.
You knew the following spells:

 Your Spells              Type           Power      Damage    Failure   Level
a - Magic Dart            Conj           84%        1d7       2%          1

Your spell library contained the following spells:

 Spells                   Type           Power      Damage    Failure   Level
 Searing Ray              Conj           42%        2d6       3%          2
 Sandblast                Erth           4%         2d4       11%         1
 Dazzling Flash           Conj/Hex       24%        N/A       14%         3
 Fulminant Prism          Conj/Hex       6%         3d7       43%         4
 Iskenderun's Mystic Bla  Conj/Tloc      12%        2d5       43%         4
 Dispel Undead            Necr           2%         3d7       71%         4
 Agony                    Necr           2%         N/A       96%         5
 Shatter                  Erth           1%         3d5*      100%        9


Dungeon Overview and Level Annotations

Branches:
Dungeon (1/15)


Innate Abilities, Weirdness & Mutations

You have an increased reservoir of magic. (+10% MP)
You shall have no god before yourself.
Your divine heritage dramatically boosts your attributes as you level up.


Message History

The ball python hisses angrily.
A ball python is nearby!
The magic dart hits the ball python.
You kill the ball python!
You open the door.
There is an open door here.
Key pressed, stopping explore.
You can't see any susceptible monsters within range! (Use Z to cast anyway.)
Found a stone staircase leading down.
You can't see any susceptible monsters within range! (Use Z to cast anyway.)
You can't see any susceptible monsters within range! (Use Z to cast anyway.)
You now have 25 gold pieces (gained 13).
Found a hand axe.
g - 3 scrolls labelled NOEDYA EDEF This is a scroll of acquirement!
Something appears at your feet!
h - the +4 pair of gloves of the Good {Contam +Blink Str+3 Int+6} Really wear
h - the +4 pair of gloves of the Good {Contam +Blink Str+3 Int+6}? [Y]es or [N]o only, please.
Really wear
h - the +4 pair of gloves of the Good {Contam +Blink Str+3 Int+6}? [Y]es or [N]o only, please.
Really wear
h - the +4 pair of gloves of the Good {Contam +Blink Str+3 Int+6}?
Okay, then.
Okay, then.
Really wear
h - the +4 pair of gloves of the Good {Contam +Blink Str+3 Int+6}?
You start putting on your armour.
You continue putting on the +4 pair of gloves of the Good {Contam +Blink Str+3 Int+6}. x4
You finish putting on the +4 pair of gloves of the Good {Contam +Blink Str+3 Int+6}.
You feel stronger.
You feel clever.
You feel a build-up of mutagenic energy.
Something appears at your feet!
You see here the Commentary on Grounded Evil.
Something appears at your feet!
g - a staff of conjuration You pick up the Commentary on Grounded Evil and begin reading...
You add the spells Sandblast, Dispel Undead, Agony and Shatter to your library.
It was a potion of resistance.
You feel protected.
Unknown command.
Are you sure you want to abandon this character and quit the game? (Confirm with "yes".)

#+# .. ##### ..... #...
..#. #... ....## #..
#.... ... ...###.# #+#
#...#.#
#.##+#.#.#@#####.
#######.#....#.........)
......#.#.....#.######.#
...##.#.#...#....#
....#.#.##'#####..#
......#.##.######..#
....###.##........>#
###.###.....†........
#.#.....###########


There were no monsters in sight!

Vanquished Creatures
  A dart slug (D:1)
  A ball python (D:1)
2 creatures vanquished.

Notes
Turn   | Place    | Note
-------+----------+-------------------------------------------
     0 | D:1      | McKennaii the Demigod Conjurer began the quest for the Orb.
     0 | D:1      | Reached XP level 1. HP: 14/14 MP: 5/5
   364 | D:1      | Identified 3 scrolls of acquirement
   364 | D:1      | Acquired the +4 pair of gloves of the Good {Contam +Blink
                  | Str+3 Int+6}
   371 | D:1      | Acquired a staff of conjuration
   372 | D:1      | Acquired the Commentary on Grounded Evil
   376 | D:1      | Quit the game

Illustrated notes

Levels and vault maps discovered:
D:1:      dpeg_arrival_orchard, layout_basic

Action                     || total
---------------------------++-------
   Cast: Magic Dart        ||     7
    Use: Scroll            ||     3
         Potion            ||     1
  Dodge: Dodged            ||     1
